 Dungeon Sprint DCSS version 0.22-a0-379-ga9d99d6 (webtiles) character file.

231 emperorscorpion the Shield-Bearer (level 6, -3/53 HPs)
             Began as a Formicid Fighter on Apr 29, 2018.
             Was an Initiate of Cheibriados.
             Slain by a two-headed ogre
             ... wielding a +0 giant club
              (22 damage)
             ... in the Dungeon (Sprint IX: "|||||||||||||||||||||||||||||").
             The game lasted 00:01:31 (153 turns).

emperorscorpion the Shield-Bearer (Formicid Fighter) Turns: 153, Time: 00:01:32

Health: -3/53      AC: 15    Str: 22    XL:     6   Next: 24%
Magic:  6/6        EV: 11    Int:  8    God:    Cheibriados [......]
Gold:   0          SH: 11    Dex: 13    Spells: 5/5 levels left

rFire    . . .     SeeInvis +   b - +2 halberd (venom)
rCold    . . .     Gourm    .   c - +0 shield
rNeg     . . .     Faith    .   u - +0 plate armour
rPois    .         Spirit   .   (helmet unavailable)
rElec    .         Reflect  .   s - +0 cloak
rCorr    .         Harm     .   (no gloves)
MR       .....                  t - +0 pair of boots
Stlth    ..........             (no amulet)
HPRegen  0.17/turn              v - +2 ring of evasion
MPRegen  0.10/turn              w - +2 ring of evasion

@: very slightly contaminated, invisible, very slow
A: permanent stasis, dig shafts and tunnels, four strong arms, antennae 3
a: Dig, Bend Time, Renounce Religion


You were in the Dungeon.
You worshipped Cheibriados.
Cheibriados was noncommittal.
You were not hungry.

You visited 1 branch

Inventory:

Hand Weapons
 a - a +0 trident
 b - a +2 halberd of venom (weapon)
Armour
 c - a +0 shield (worn)
 r - a +0 scale mail
 s - a +0 cloak (worn)
 t - a +0 pair of boots (worn)
 u - a +0 plate armour (worn)
Magical Staves
 q - an uncursed staff of energy
Jewellery
 v - a +2 ring of evasion (left hand)
 w - a +2 ring of evasion (right hand)
Wands
 p - a wand of iceblast (10)
Scrolls
 k - 2 scrolls of blinking
 n - 3 scrolls of remove curse
 o - 2 scrolls of amnesia
Potions
 d - a potion of might
 e - 5 potions of curing
 g - 3 potions of heal wounds
 h - a potion of haste
 i - 4 potions of magic
 j - a potion of berserk rage
Comestibles
 f - a ration
 l - 6 chunks of flesh


   Skills:
 + Level 6.9 Fighting
 + Level 7.0 Polearms
 + Level 7.0 Armour
 + Level 2.0 Dodging
 + Level 7.2 Shields


You had 5 spell levels left.
You didn't know any spells.

Dungeon Overview and Level Annotations

Branches:
Dungeon (1/1)

Altars:
Cheibriados
Dithmenos
Elyvilon
Fedhas
Gozag
Hepliaklqana
Kikubaaqudgha
Makhleb
Nemelex Xobeh
Okawaru
Qazlal
Ru
Sif Muna
Trog
Uskayaw
Vehumet
Wu Jian
Xom
Yredelemnul
Zin
The Shining One
Beogh
Jiyva
Lugonu


Innate Abilities, Weirdness & Mutations

You cannot be hasted, slowed, berserked, paralysed or teleported.
You can dig through walls and to a lower floor.
Your four strong arms can wield two-handed weapons with a shield.
You have a pair of large antennae on your head. (SInv)


Message History

Your Fighting skill increases to level 6!
Your Polearms skill gained 3 levels and is now at level 7!
Your Armour skill gained 2 levels and is now at level 7!
Your Dodging skill increases to level 2!
Your Shields skill gained 2 levels and is now at level 7!
You have reached level 5!
You have reached level 6!
Your experience leads to an increase in your attributes!
Your base attributes are Str 21, Int 7, Dex 11.
Increase (S)trength, (I)ntelligence, or (D)exterity?
You feel agile.
Attack whom?
Press: ? - help, Dir - move target cursor, f - two-headed ogre
Aim: a two-headed ogre, wielding two giant clubs You slash the two-headed ogre!
The two-headed ogre looks as sick as possible!
The two-headed ogre is moderately wounded.
You block the two-headed ogre's attack.
The two-headed ogre hits you with a giant club!!
You die... ▓▓▓▓▓▓▓▓▓▓▓▓▓▓▓▓▓▓▓▓▓▓▓▓ .sg.lOO@....)...'_______ ▓▓▓▓▓▓▓▓▓▓▓▓▓▓▓▓▓▓▓▓▓▓▓▓ { {{{{{{{{ {{{{{{{ {

You could see 2 two-headed ogres, a scorpion, a gnoll and a leopard gecko.

Vanquished Creatures
  A yak (D)
  A jelly (D)
  An iguana (D)
  A worker ant (D)
  A dart slug (D)
  A hobgoblin (D)
  A quokka (D)
  A bat (D)
  3 frilled lizards (D)
11 creatures vanquished.

Notes
Turn   | Place    | Note
-------+----------+-------------------------------------------
     0 | D        | emperorscorpion the Formicid Fighter began the quest for the Orb.
     0 | D        | Reached XP level 1. HP: 18/18 MP: 1/1
    34 | D        | Noticed a worker ant
    34 | D        | Noticed a jelly
    34 | D        | Noticed an iguana
    45 | D        | Killed an iguana
    45 | D        | Reached XP level 2. HP: 24/26 MP: 2/2
    45 | D        | Reached XP level 3. HP: 30/32 MP: 3/3
    47 | D        | Reached skill level 5 in Fighting
    47 | D        | Reached skill level 5 in Shields
    50 | D        | Reached skill level 5 in Armour
    50 | D        | Reached XP level 4. HP: 33/39 MP: 4/4
    62 | D        | Reached skill level 1 in Dodging
    72 | D        | Found a roughly hewn altar of Beogh.
    72 | D        | Found a snail-covered altar of Cheibriados.
    72 | D        | Found a shadowy altar of Dithmenos.
    72 | D        | Found a white marble altar of Elyvilon.
    72 | D        | Found a blossoming altar of Fedhas.
    72 | D        | Found an opulent altar of Gozag.
    73 | D        | Found a hazy altar of Hepliaklqana.
    74 | D        | Found a viscous altar of Jiyva.
    75 | D        | Found an ancient bone altar of Kikubaaqudgha.
    76 | D        | Became a worshipper of Cheibriados the Contemplative
    77 | D        | Found a corrupted altar of Lugonu.
    78 | D        | Found a burning altar of Makhleb.
    79 | D        | Found a sparkling altar of Nemelex Xobeh.
    80 | D        | Found an iron altar of Okawaru.
    81 | D        | Found a stormy altar of Qazlal.
    82 | D        | Found a sacrificial altar of Ru.
    83 | D        | Found a deep blue altar of Sif Muna.
    84 | D        | Found a bloodstained altar of Trog.
    85 | D        | Found a hide-covered altar of Uskayaw.
    86 | D        | Found a radiant altar of Vehumet.
    87 | D        | Found an ornate altar of the Wu Jian Council.
    88 | D        | Found a shimmering altar of Xom.
    89 | D        | Found a basalt altar of Yredelemnul.
    90 | D        | Found a glowing silver altar of Zin.
    91 | D        | Found a glowing golden altar of the Shining One.
   143 | D        | Noticed a two-headed ogre
   143 | D        | Noticed a two-headed ogre
   143 | D        | Noticed a yak
   152 | D        | Killed a yak
   152 | D        | Reached XP level 5. HP: 17/47 MP: 5/5
   152 | D        | Reached XP level 6. HP: 19/53 MP: 6/6
   153 | D        | Slain by a two-headed ogre

Vault maps used:
D:        linesprint

Skill      XL: |  1  2  3  4 |
---------------+-------------+-----
Fighting       | 4 5 6 |  6.9
Armour         | 4 5 7 |  7.0
Shields        | 4 5 7 |  7.2
Polearms       | 3 4 7 |  7.0
Dodging        | 2 |  2.0

Action                   |  1- 3 |  4- 6 || total
-------------------------+-------+-------++-------
Melee: Trident           |    36 |    12 ||    48
       Halberd           |       |     9 ||     9
  Use: Potion            |       |     1 ||     1
Armor: Scale mail        |     9 |     3 ||    12
       Plate armour      |       |     1 ||     1
Dodge: Dodged            |    13 |     2 ||    15
Block: Shield            |    13 |    13 ||    26

Table legend:
 A = Spawn XP
 B = Non-spawn XP
 C = Spawn XP percentage of total XP
 D = Spawn monster count
 E = Non-spawn monster count
 F = Spawn count percentage of total count
 G = Total turns spent on level
                    A         B        C        D         E        F      G
               +---------+---------+-------+---------+---------+-------+---------
         Total |       0 |     330 |   0.0 |       0 |      11 |   0.0 |   153
               +---------+---------+-------+---------+---------+-------+---------
             D |       0 |     330 |   0.0 |       0 |      11 |   0.0 |   153
               +---------+---------+-------+---------+---------+-------+---------
